 Dungeon Sprint DCSS version 0.17-a0-1570-g74b7129 (webtiles) character file.

417 tt080 the Basher (level 6, -4/117 HPs)
             Began as an Ogre Berserker on July 23, 2015.
             Was an Elder of Trog.
             Killed from afar by an orc wizard (7 damage)
             ... with a magic dart
             ... in the Dungeon (Sprint IX: "|||||||||||||||||||||||||||||").
             The game lasted 00:01:17 (140 turns).

tt080 the Basher (Ogre Berserker)                    Turns: 140, Time: 00:01:17

Health: -4/117     AC:  4    Str: 31    XL:     6   Next: 93%
Magic:  6/6        EV: 12    Int:  9    God:    Trog [****..]
Gold:   0          SH:  0    Dex: 11    Spells: 0 memorised, 5 levels left

rFire  . . .     SeeInvis .     a - +0 mace
rCold  . . .     Clarity  .     b - +0 animal skin
rNeg   . . .     SustAt   .     (no shield)
rPois  .         Gourm    .     (helmet restricted)
rElec  .         Spirit   .     o - +0 cloak
rCorr  .         Warding  .     (gloves unavailable)
rMut   .         NoTele   +     (boots unavailable)
MR     .....                    (no amulet)
Stlth  ..........               m - +3 ring of intelligence
                                n - +3 ring of strength

@: berserking (expiring), very quick, not resistant to hostile enchantments,
extremely unstealthy
A: unfitting armour, tough skin 1
a: Burn Spellbooks, Berserk, Trog's Hand, Brothers in Arms, Renounce Religion


You were in the Dungeon.
You worshipped Trog.
Trog was greatly pleased with you.
You were not hungry.

You visited 1 branch

Inventory:

Hand weapons
 a - a +0 mace (weapon)
Armour
 b - a +0 animal skin (worn)
 o - a +0 cloak (worn)
Jewellery
 m - a +3 ring of intelligence (right hand)
 n - a +3 ring of strength (left hand)
Magical devices
 l - a wand of fire (7)
Scrolls
 i - 2 scrolls of blinking
 k - 3 scrolls of remove curse
Potions
 d - a potion of invisibility
 e - 3 potions of heal wounds
 f - a potion of haste
 g - 4 potions of magic
 h - a potion of berserk rage
 j - 4 potions of curing
Comestibles
 c - a bread ration


   Skills:
 + Level 10.1 Fighting
 * Level 13.2 Maces & Flails
 + Level 7.1 Dodging


You had 5 spell levels left.
You didn't know any spells.

Dungeon Overview and Level Annotations

Branches:
Dungeon (1/1)

Altars:
Cheibriados
Dithmenos
Elyvilon
Fedhas
Gozag
Kikubaaqudgha
Makhleb
Nemelex Xobeh
Okawaru
Qazlal
Ru
Sif Muna
Trog
Vehumet
Xom
Yredelemnul
Zin
The Shining One
Beogh
Jiyva
Lugonu


Innate Abilities, Weirdness & Mutations

You are too large for most types of armour.
You have tough skin (AC +1).


Message History

Your base attributes are Str 22, Int 6, Dex 10.
Increase (S)trength, (I)ntelligence, or (D)exterity?
You feel agile.
You feel stronger.
The crimson imp blinks!
You sock the giant gecko!
You kill the giant gecko!
Trog accepts your kill.
You can now call in reinforcements.
The orc wizard closely misses you.
The crimson imp shouts, "Succumb, thou pecksniffian shard-borne snaffler!"
There is an open door to the Dungeon, spattered with blood here.
Items here: ( )) † a flail; a shortbow; 21 arrows; a centaur corpse You barely miss the orc wizard.
The orc wizard misses you.
You barely miss the orc wizard.
The orc wizard casts a cantrip, but nothing happens.
You hit the orc wizard.
The orc wizard is heavily wounded.
The orc wizard casts a spell at you. The magic dart hits you!
You die... ▓▓▓▓▓▓▓▓▓▓▓▓▓▓▓▓▓▓▓▓▓▓▓▓ ______'.?|).[[..@o55...+ ▓▓▓▓▓▓▓▓▓▓▓▓▓▓▓▓▓▓▓▓▓▓▓▓

You could see an orc wizard and 2 crimson imps.

Vanquished Creatures
  A gargoyle (D)
  A centaur (D)
  2 giant geckos (D)
  An orc (D)
  A bat skeleton (D)
  A goblin (D)
  A jackal (D)
  A kobold (D)
  2 bats (D)
  A giant cockroach zombie (D)
  A rat (D)
13 creatures vanquished.

Notes
Turn   | Place    | Note
--------------------------------------------------------------
     0 | D        | tt080 the Ogre Berserker began the quest for the Orb.
     0 | D        | Reached XP level 1. HP: 24/24 MP: 1/1
    18 | D        | Acquired Trog's second power
    18 | D        | Reached skill level 5 in Maces & Flails
    34 | D        | Reached XP level 2. HP: 26/33 MP: 2/2
    58 | D        | Found a glowing silver altar of Zin.
    58 | D        | Found a glowing golden altar of the Shining One.
    58 | D        | Found an ancient bone altar of Kikubaaqudgha.
    58 | D        | Found a basalt altar of Yredelemnul.
    58 | D        | Found a shimmering altar of Xom.
    58 | D        | Found a radiant altar of Vehumet.
    59 | D        | Found an iron altar of Okawaru.
    60 | D        | Found a burning altar of Makhleb.
    61 | D        | Found a deep blue altar of Sif Muna.
    62 | D        | Found a bloodstained altar of Trog.
    63 | D        | Found a sparkling altar of Nemelex Xobeh.
    64 | D        | Found a white marble altar of Elyvilon.
    65 | D        | Found a roughly hewn altar of Beogh.
    66 | D        | Found a viscous altar of Jiyva.
    67 | D        | Found a corrupted altar of Lugonu.
    68 | D        | Found a blossoming altar of Fedhas.
    69 | D        | Found a snail-covered altar of Cheibriados.
    70 | D        | Found a shadowy altar of Dithmenos.
    71 | D        | Found a stormy altar of Qazlal.
    72 | D        | Found an opulent altar of Gozag.
    73 | D        | Found a sacrificial altar of Ru.
   113 | D        | Noticed a centaur
   113 | D        | Noticed a crimson imp
   113 | D        | Noticed a gargoyle
   113 | D        | Noticed an orc wizard
   113 | D        | Noticed a crimson imp
   120 | D        | Killed a centaur
   120 | D        | Reached skill level 7 in Fighting
   120 | D        | Reached skill level 9 in Maces & Flails
   120 | D        | Reached XP level 3. HP: 32/46 MP: 3/3
   120 | D        | Reached XP level 4. HP: 38/55 MP: 4/4
   133 | D        | HP: 2/82 [gargoyle/flail (21)]
   135 | D        | Killed a gargoyle
   135 | D        | Reached skill level 10 in Fighting
   135 | D        | Reached skill level 13 in Maces & Flails
   135 | D        | Reached XP level 5. HP: 2/68 MP: 5/5
   135 | D        | Reached XP level 6. HP: 2/78 MP: 6/6
   136 | D        | Acquired Trog's third power
   140 | D        | Killed from afar by an orc wizard

Vault maps used:
D:        linesprint

Action                   |  1- 3 |  4- 6 || total
-------------------------+-------+-------++-------
Melee: Mace              |    44 |    18 ||    62
Invok: Trog's Hand       |     2 |       ||     2
       Berserk           |       |     1 ||     1
  Use: Potion            |     1 |       ||     1
